 Dungeon Sprint DCSS version 0.27-a0-1332-g84bddb5ca7 (webtiles) character file.

Game seed: 15139201591596597593

50 mhtbhm the Digger (level 3, -1/19 HPs)
             Began as a Deep Elf Earth Elementalist on June 25, 2021.
             Was an Initiate of Vehumet.
             Slain by a wyvern (17 damage)
             ... in the Dungeon (Sprint IX: "|||||||||||||||||||||||||||||").
             The game lasted 00:01:20 (525 turns).

mhtbhm the Digger (Deep Elf Earth Elementalist)      Turns: 525, Time: 00:01:21

Health: -1/19      AC:  6    Str:  5    XL:     3   Next: 55%
Magic:  3/12       EV: 13    Int: 23    God:    Vehumet [......]
Gold:   0          SH:  0    Dex: 15    Spells: 7/13 levels left

rFire    . . .     SeeInvis .   a - +2 scimitar (vamp)
rCold    . . .     Faith    .   (no shield)
rNeg     . . .     Spirit   .   b - +0 robe
rPois    .         Reflect  .   l - +0 helmet
rElec    .         Harm     .   m - +0 cloak
rCorr    .         Rampage  .   (no gloves)
Will     .....     NoTele   +   (no boots)
Stlth    ++........             (no amulet)
HPRegen  0.06/turn              o - +2 ring of protection
MPRegen  0.13/turn              p - +3 ring of intelligence

@: very slightly contaminated
A: no striking features
a: Renounce Religion


You were in the Dungeon.
You worshipped Vehumet.
Vehumet was noncommittal.
You visited 1 branch

Inventory:

Hand Weapons
 a - a +2 vampiric scimitar (weapon)
Missiles
 i - 20 stones
Armour
 b - a +0 robe (worn)
 l - a +0 helmet (worn)
 m - a +0 cloak (worn)
Jewellery
 o - a +2 ring of protection (left hand)
 p - a +3 ring of intelligence (right hand)
Wands
 k - a wand of acid (10)
Scrolls
 h - 2 scrolls of blinking
 j - 2 scrolls of amnesia
Potions
 c - 5 potions of curing
 d - a potion of heal wounds
 e - a potion of haste
 f - 4 potions of magic
 g - a potion of berserk rage
 n - a potion of invisibility


   Skills:
 + Level 3.6 Dodging
 + Level 3.2 Stealth
 + Level 5.8 Spellcasting
 + Level 1.2 Transmutations
 + Level 6.6 Earth Magic


You had 7 spell levels left.
You knew the following spells:

 Your Spells              Type           Power      Damage    Failure   Level
a - Sandblast             Erth           74%        2d16      1%          1
b - Passwall              Tmut/Erth      20%        N/A       2%          2
c - Stone Arrow           Conj/Erth      42%        3d9       7%          3

Your spell library contained the following spells:

 Spells                   Type           Power      Damage    Failure   Level
 Lee's Rapid Deconstruct  Erth           18%        3d12*     16%         5
 Petrify                  Tmut/Erth      24%        N/A       17%         4


Dungeon Overview and Level Annotations

Branches:
Dungeon (1/1)

Altars:
Cheibriados
Dithmenos
Elyvilon
Fedhas
Gozag
Hepliaklqana
Kikubaaqudgha
Makhleb
Nemelex Xobeh
Okawaru
Qazlal
Ru
Sif Muna
Trog
Uskayaw
Vehumet
Wu Jian
Xom
Yredelemnul
Zin
The Shining One
Beogh
Jiyva
Lugonu


Message History

You feel much better. The wyvern barely misses you.
You riposte.
You barely miss the wyvern.
The wyvern is moderately wounded.
The howler monkey hoots and howls with incredible vigour!
You hear a shout! x2
Unknown command.
Casting: Stone Arrow (extremely dangerous; 7% risk of failure)
Confirm with . or Enter, or press ? or * to list all spells.
The spell is extremely dangerous to cast (7% risk of failure)!
Continue anyway?
Aiming: Stone Arrow (extremely dangerous; 7% risk of failure)
Press: ? - help, Shift-Dir - straight line, f/p - wyvern
Aim: a wyvern (moderately wounded, 71% to hit)
You miscast Stone Arrow.
You are very lightly contaminated with residual magic.
Nothing appears to happen.
The wyvern hisses menacingly.
The wyvern bites you!
The shadow slips into darkness.
The shadow flickers and vanishes!
Deactivating autopickup; reactivate with Ctrl-A.
The wyvern bites you!
Ouch! That really hurt!
* * * LOW HITPOINT WARNING * * *
Unknown command.
You feel much better. The wyvern misses you.
You riposte.
You slash the wyvern!
The wyvern is heavily wounded.
Unknown command.
Casting: Stone Arrow (extremely dangerous; 7% risk of failure)
Confirm with . or Enter, or press ? or * to list all spells.
The spell is extremely dangerous to cast (7% risk of failure)!
Continue anyway?
Aiming: Stone Arrow (extremely dangerous; 7% risk of failure)
Press: ? - help, Shift-Dir - straight line, f/p - wyvern
Aim: a wyvern (heavily wounded, 71% to hit)
The stone arrow misses the wyvern.
The stone arrow hits the howler monkey.
The howler monkey is moderately wounded.
The wyvern bites you.
The wyvern hisses menacingly.
The wyvern bites you!
Ouch! That really hurt!
You die...

▓.▓
▓Z▓
▓Y▓
▓{▓
▓z▓
▓h▓
▓l▓
▓@▓
▓.▓
▓[▓
▓.▓
▓.▓
▓.▓
▓)▓
▓.▓
▓.▓


You could see a yak, a wyvern, a howler monkey, a wight and a bat zombie.

Vanquished Creatures
  A jelly (D)
  An adder (D)
  A dart slug (D)
  2 ball pythons (D)
  A bat (D)
  A hobgoblin (D)
  A kobold (D)
  A quokka (D)
  A ball python zombie (D)
10 creatures vanquished.

Notes
Turn   | Place    | Note
-------+----------+-------------------------------------------
     0 | D        | mhtbhm the Deep Elf Earth Elementalist began the quest for
                  | the Orb.
     0 | D        | Reached XP level 1. HP: 10/10 MP: 6/6
     6 | D        | Reached skill level 4 in Earth Magic
   253 | D        | Noticed a jelly
   255 | D        | Reached skill level 5 in Earth Magic
   255 | D        | Reached XP level 2. HP: 15/15 MP: 6/9
   285 | D        | Learned a level 2 spell: Passwall
   300 | D        | Reached skill level 5 in Spellcasting
   300 | D        | Reached skill level 6 in Earth Magic
   300 | D        | Reached XP level 3. HP: 19/19 MP: 6/12
   447 | D        | Found a snail-covered altar of Cheibriados.
   447 | D        | Found a shadowy altar of Dithmenos.
   447 | D        | Found a white marble altar of Elyvilon.
   447 | D        | Found a blossoming altar of Fedhas.
   447 | D        | Found an opulent altar of Gozag.
   448 | D        | Found a hazy altar of Hepliaklqana.
   449 | D        | Found a viscous altar of Jiyva.
   450 | D        | Found an ancient bone altar of Kikubaaqudgha.
   451 | D        | Found a corrupted altar of Lugonu.
   452 | D        | Found a burning altar of Makhleb.
   453 | D        | Found a sparkling altar of Nemelex Xobeh.
   454 | D        | Found an iron altar of Okawaru.
   455 | D        | Found a stormy altar of Qazlal.
   456 | D        | Found a sacrificial altar of Ru.
   457 | D        | Found a shimmering blue altar of Sif Muna.
   458 | D        | Found a bloodstained altar of Trog.
   459 | D        | Found a hide-covered altar of Uskayaw.
   460 | D        | Found a radiant altar of Vehumet.
   461 | D        | Found an ornate altar of the Wu Jian Council.
   462 | D        | Found a shimmering altar of Xom.
   463 | D        | Found a basalt altar of Yredelemnul.
   464 | D        | Found a glowing silver altar of Zin.
   465 | D        | Found a glowing golden altar of the Shining One.
   468 | D        | Became a worshipper of Vehumet
   514 | D        | Noticed a yak
   514 | D        | Noticed a shadow
   514 | D        | Noticed a wyvern
   520 | D        | Learned a level 3 spell: Stone Arrow
   525 | D        | Slain by a wyvern

Illustrated notes

Levels and vault maps discovered:
D:        linesprint [early_d, line_temple, items_1, d_10, items_2, lair_1,
          lair_end, items_3, orc_1, orc_end, items_4, d_15, swamp_1, shoals_1,
          snake_1, spider_1, d_20, vaults_1, items_5, swamp_end, shoals_end,
          snake_end, spider_end, vaults_end, d_27, items_6, zot_1, zot_end,
          crypt_end, forest_end, elf_end, slime_end, tomb_end, abyss_end,
          pan_hell_end]

Skill      XL: |  1  2 |
---------------+-------+-----
Earth Magic    | 5 6 |  6.6
Spellcasting   | 4 5 |  5.8
Dodging        | 3 |  3.6
Stealth        | 3 |  3.2
Transmutations | |  1.2

Action                   || total
-------------------------++-------
 Cast: Sandblast         ||    12
       Stone Arrow       ||     2
  Use: Potion            ||     2
Armor: Robe              ||     2
Dodge: Dodged            ||     3
       Rpst.: Scimitar   ||     2

Table legend: (Time is in decaauts)
 A = Elapsed time spent in this place.
 B = Non-inter-level travel time spent in this place.
 C = Inter-level travel time spent in this place.
 D = Time resting spent in this place.
 E = Time spent auto-exploring this place.
 F = Levels seen in this place.
 G = Mean time per level.
                   A        B        C        D        E       F      G
               +--------+--------+--------+--------+--------+-----+--------+
         Total |    523 |    523 |      0 |    410 |      3 |   1 |  523.0 |
       Dungeon |    523 |    523 |      0 |    410 |      3 |   1 |  523.0 |
               +--------+--------+--------+--------+--------+-----+--------+

Top non-repeatable levels by time:
       D: 523 daAuts
